 Dungeon Crawl Stone Soup version 0.18.1-48-g4cf74bf (webtiles) character file.

704 Mesmaeker13 the Archer (level 7, 0/61 HPs)
             Began as a Centaur Hunter on Aug 15, 2016.
             Was a Believer of Okawaru.
             Slain by a worker ant (1 damage)
             ... on level 5 of the Dungeon.
             The game lasted 00:09:36 (3494 turns).

Mesmaeker13 the Archer (Centaur Hunter)             Turns: 3494, Time: 00:09:37

Health: 0/61       AC:  9    Str: 14    XL:     7   Next: 39%
Magic:  7/7        EV:  7    Int: 10    God:    Okawaru [**....]
Gold:   220        SH:  0    Dex: 12    Spells: 0 memorised, 6 levels left

rFire  x . .     SeeInvis .     x - +4 spear of Wiobomaut {flame, rC+}
rCold  + + +     Gourm    .     h - +0 ice dragon armour
rNeg   . . .     Faith    .     (no shield)
rPois  .         Spirit   .     (no helmet)
rElec  .         Dismiss  .     k - +0 cloak (curse)
rCorr  .         Reflect  .     (no gloves)
SustAt .         Harm     .     (no barding)
MR     .....                    (no amulet)
Stlth  ..........               (no ring)
                                (no ring)

@: lethally poisoned (0 -> -2), very quick, not resistant to hostile
enchantments, extremely unstealthy
A: hooves 3, deformed body, speed 2, tough skin 3
a: Heroism, Renounce Religion


You were on level 5 of the Dungeon.
You worshipped Okawaru.
Okawaru was pleased with you.
You were not hungry.

You visited 1 branch of the dungeon, and saw 5 of its levels.

You collected 220 gold pieces.

Inventory:

Hand Weapons
 a - a +2 shortbow
 o - a +0 longbow
 x - the +4 spear of Wiobomaut (weapon) {flame, rC+}
   (You found it on level 4 of the Dungeon)

   It has been specially enchanted to burn those struck by it, causing extra
   injury to most foes and up to half again as much damage against particularly
   susceptible opponents.
   It protects you from cold.
Missiles
 d - 39 arrows
 i - 9 poisoned needles
Armour
 h - a +0 ice dragon armour (worn)
 k - a cursed +0 cloak (worn)
 v - a +2 shield
 y - the +3 chain mail "Noque" {rElec rF- Regen+ Stlth+}
   (You found it on level 4 of the Dungeon)

   It makes you vulnerable to fire.
   It insulates you from electricity.
   It increases your rate of regeneration.
   It makes you more stealthy.
Scrolls
 c - a scroll of recharging
 e - 2 scrolls of remove curse
 g - a scroll of enchant weapon
 j - a scroll of fog {unknown}
 t - 2 scrolls of fear {unknown}
 w - a scroll of noise {unknown}
Potions
 b - 3 potions of heal wounds {unknown}
 m - 2 potions of curing {unknown}
 p - a potion of mutation {unknown}
 u - a potion of berserk rage {unknown}
 z - a potion of might {unknown}
Comestibles
 f - 3 bread rations
 l - a beef jerky
 n - 3 meat rations
 A - 2 fruits
 B - a chunk of flesh


   Skills:
 + Level 5.3 Fighting
 + Level 8.1 Bows
 + Level 3.1 Armour
 - Level 1.4 Dodging
 - Level 0.5 Stealth


You had 6 spell levels left.
You didn't know any spells.

Dungeon Overview and Level Annotations

Branches:
Dungeon (5/15)
 Temple: D:4-7

Altars:
Okawaru
Xom
Zin

Annotations:
D:5 Prince Ribbit


Innate Abilities, Weirdness & Mutations

You have hooves in place of feet.
Armour fits poorly on your strangely shaped body.
You cover ground very quickly.
You have extremely tough skin (AC +3).


Message History

Aim: a worker ant (lightly wounded)
You shoot an arrow. The arrow hits the worker ant.
The worker ant is moderately wounded.
Wield which item (- for none, * to show all)? (? for menu, Esc to quit)
The +4 spear of Wiobomaut {flame, rC+} bursts into flame!
x - the +4 spear of Wiobomaut (weapon)
{flame, rC+} The worker ant bites you.
* * * LOW HITPOINT WARNING * * *
You are lethally poisoned!
The worker ant poisons you!
You hit the worker ant but do no damage.
The worker ant is moderately wounded.
* * * LOW HITPOINT WARNING * * *
You feel sick.
The worker ant bites you but does no damage.
You hit the worker ant but do no damage.
Your kick misses the worker ant.
The worker ant is moderately wounded.
The worker ant bites you.
You die...

*,,,,,,,,,**,*,**,*
**,*****,*,**,*.(#,*
,,,* *,,,,,,,...,*
**** ***,**,*#.#**
*,**,*#/# *,**,*#(#
****,*#,*#(#
*,,,,*#.##a#
*,****#...@# *,*
####.# *,* #.# *,*
#.# *,* #.# **,**
#.# *,,,* *#.#*
***,,,******.#.****
*><,,<,,**,,#*#,,,*


You could see a worker ant.

Vanquished Creatures
  A phantom (D:4)
  The ghost of Inkary the Shield-Bearer, an amateur MiFi (D:4)
  An ogre (D:4)
  A crimson imp (D:5)
  2 giant frog skeletons (D:4)
  An orc wizard (D:4)
  4 worker ants
  Natasha (twice) (D:3)
  2 hound skeletons (D:4)
  5 adders
  2 oozes
  4 worms
  2 dart slugs
  4 giant geckos
  9 orcs
  3 bats
  3 giant cockroaches
  3 hobgoblins
  13 jackals
  7 kobolds
  3 quokkas
  2 ball pythons
  4 giant newts
  6 goblins
  7 rats
92 creatures vanquished.

Notes
Turn   | Place    | Note
--------------------------------------------------------------
     0 | D:1      | Mesmaeker13 the Centaur Hunter began the quest for the Orb.
     0 | D:1      | Reached XP level 1. HP: 17/17 MP: 1/1
   445 | D:1      | Reached XP level 2. HP: 21/25 MP: 2/2
  1263 | D:2      | Reached XP level 3. HP: 26/30 MP: 3/3
  1556 | D:2      | Reached skill level 6 in Bows
  1556 | D:2      | Reached skill level 1 in Armour
  1662 | D:3      | Reached XP level 4. HP: 36/38 MP: 4/4
  1954 | D:3      | Found a glowing silver altar of Zin.
  1954 | D:3      | Noticed an angel
  1955 | D:3      | Found a shimmering altar of Xom.
  2054 | D:3      | Found an iron altar of Okawaru.
  2089 | D:3      | Became a worshipper of Warmaster Okawaru
  2254 | D:3      | Noticed Natasha
  2258 | D:3      | Killed Natasha
  2330 | D:3      | Reached XP level 5. HP: 45/45 MP: 5/5
  2418 | D:3      | Noticed Natasha
  2421 | D:3      | Killed Natasha
  2600 | D:4      | Noticed Inkary's ghost (amateur MiFi)
  2680 | D:4      | Killed Inkary's ghost
  2680 | D:4      | Reached * piety under Okawaru
  2680 | D:4      | Reached skill level 7 in Bows
  2680 | D:4      | Reached XP level 6. HP: 47/53 MP: 6/6
  2776 | D:4      | Got a crude spear
  2777 | D:4      | Identified the +4 spear of Wiobomaut {flame, rC+} (You found it on level 4 of the Dungeon)
  3007 | D:4      | Reached XP level 7. HP: 58/60 MP: 7/7
  3052 | D:4      | Reached skill level 5 in Fighting
  3077 | D:4      | Got a shimmering chain mail
  3088 | D:4      | Identified the +3 chain mail "Noque" {rElec rF- Regen+ Stlth+} (You found it on level 4 of the Dungeon)
  3314 | D:4      | Reached ** piety under Okawaru
  3314 | D:4      | Reached skill level 8 in Bows
  3393 | D:5      | Entered Level 5 of the Dungeon
  3463 | D:5      | Noticed Prince Ribbit
  3492 | D:5      | HP: 2/61 [worker ant (6)]
  3494 | D:5      | Slain by a worker ant

Skill      XL: |  1  2  3  4  5  6  7 |
---------------+----------------------+-----
Bows           | 6 7 8 |  8.1
Armour         | 1 2 3 |  3.1
Fighting       | 3 4 5 |  5.3
Dodging        | |  1.4
Stealth        | |  0.5

Action                   |  1- 3 |  4- 6 |  7- 9 || total
-------------------------+-------+-------+-------++-------
Melee: Short sword       |    56 |       |       ||    56
       Kick              |    23 |    23 |    16 ||    62
       Spear             |    61 |    87 |    73 ||   221
       Hand axe          |       |    37 |       ||    37
 Fire: Shortbow          |    17 |    60 |     3 ||    80
  Use: Scroll            |     2 |     3 |     3 ||     8
  Eat: Chunk             |     1 |     4 |     1 ||     6
Armor: Ice dragon armour |    79 |    59 |    28 ||   166
       Leather armour    |     2 |       |       ||     2
Dodge: Dodged            |    45 |    39 |    20 ||   104
